 Dungeon Crawl Stone Soup version 0.25.1-2-g60ff931df9 (webtiles) character file.

Game seed: 8627516790817096946

352 melloss the Covert (level 6, 0/28 HPs)
             Began as a Spriggan Enchanter on Nov 25, 2020.
             Slain by a slave (10 damage)
             ... led by Pikel
             ... on level 3 of the Dungeon.
             The game lasted 00:13:24 (4013 turns).

melloss the Covert (Spriggan Enchanter)             Turns: 4013, Time: 00:13:24

Health: 0/28       AC:  2    Str:  4    XL:     6   Next: 34%
Magic:  11/11      EV: 18    Int: 24    God:
Gold:   182        SH:  0    Dex: 17    Spells: 8/11 levels left

rFire    . . .     SeeInvis +   a - +1 short sword (venom)
rCold    . . .     Gourm    .   (shield restricted)
rNeg     . . .     Faith    .   p - +0 robe
rPois    .         Spirit   .   (helmet restricted)
rElec    .         Reflect  .   (no cloak)
rCorr    .         Harm     .   (gloves unavailable)
MR       +....                  (boots unavailable)
Stlth    ++++......             (no amulet)
HPRegen  0.09/turn              j - +6 ring of intelligence
MPRegen  0.12/turn              x - ring of flight

@: very quick
A: very small, unfitting armour, see invisible, herbivore, speed 3, slow
metabolism 2
a: Evoke Flight


You were on level 3 of the Dungeon.
You were not hungry.

You visited 1 branch of the dungeon, and saw 4 of its levels.

You collected 182 gold pieces.

Inventory:

Hand Weapons
 a - a +1 short sword of venom (weapon)
 b - a +0 hunting sling
 i - a +1 dagger
 r - a +3 vorpal flail
 A - a +0 long sword
Missiles
 o - 12 sling bullets
 v - 7 curare-tipped darts (quivered)
Armour
 n - a +2 animal skin
 p - a +0 robe (worn)
Magical Staves
 q - an uncursed staff of earth
Jewellery
 j - a +6 ring of intelligence (left hand)
 x - a ring of flight (right hand)
Scrolls
 c - a scroll of teleportation
 f - a scroll of enchant weapon {unknown}
 g - 2 scrolls of amnesia
 h - a scroll of blinking {unknown}
 k - a scroll of noise {unknown}
 m - 4 scrolls of identify
 u - a scroll of remove curse {unknown}
 w - a scroll of magic mapping {unknown}
 y - a scroll of fog {unknown}
Potions
 e - a potion of degeneration {unknown}
 l - a potion of might {unknown}
 s - a potion of brilliance {unknown}
 t - a potion of ambrosia {unknown}
 z - a potion of cancellation {unknown}
Comestibles
 d - 2 rations


   Skills:
 - Level 5.0 Short Blades
 - Level 3.0 Dodging
 - Level 8.0 Stealth
 * Level 3.1 Spellcasting
 + Level 3.8 Hexes
 + Level 0.5 Ice Magic


You had 8 spell levels left.
You knew the following spells:

 Your Spells              Type           Power        Failure   Level  Hunger
a - Corona                Hex            ###....      2%          1    None
b - Ensorcelled Hibernat  Hex/Ice        ##....       7%          2    ##.....

Your spell library contained the following spells:

 Spells                   Type           Power        Failure   Level  Hunger
 Confusing Touch          Hex            ###.....     7%          3    ###....
 Tukima's Dance           Hex            ###.....     7%          3    ###....
 Dazzling Flash           Conj/Hex       ##....       14%         3    ###....


Dungeon Overview and Level Annotations

Branches:
Dungeon (4/15)
 Temple: D:4-7

Altars:
Makhleb
Trog

Annotations:
D:4 Pikel


Innate Abilities, Weirdness & Mutations

You are very small and have problems with some larger weapons.
You are too small for most types of armour.
You have supernaturally acute eyesight. (SInv)
You are a herbivore.
You cover ground extremely quickly.
You need to consume almost no food.


Message History

There is an entrance to a sewer on this level.
Hurry and find it before the portal rusts away!
Level annotation: Pikel You hear the rusting of a distant drain.
The phantom barely misses you. The slave hits you! The phantom misses you.
The slave completely misses you.
There is a stone staircase leading up, spattered with blood here.
The slave hits you. The phantom closely misses you.
The slave hits you but does no damage.
You climb upwards.
There is a stone staircase leading down here.
You hit the slave but do no damage. The slave hits you.
The phantom closely misses you. The slave completely misses you.
You hit the slave.
The slave is poisoned.
The slave is lightly wounded.
The slave hits you. The phantom closely misses you.
The slave barely misses you.
You hit the slave.
The slave is moderately wounded.
The slave hits you!
You die...

####.####.###.............#
#.
#..#.##.#.................#
#.
#..#.##.##.##.#.....#######
#. #.......##.##......## ##
#.#..##.##.######..#
#.#........### #..#
#.#.....#....####..#
#.#.##..#.##.#pW...# ######
#.#.#...#....#@###.###
#.....
#.#....#######p#.....#
#.#### ##.###...# #...#.#.#
#.#... #....###.# #####.#.#
##.#.## ####...#.# #...#
#..#.# ###...# ##### #.##.#
##### #[...# ######


You could see a phantom and 2 slaves.

Vanquished Creatures
  An ogre (D:3)
  Jessica (D:2)
  Ijyb (D:2)
  2 worker ants (D:4)
  Robin (D:2)
  A howler monkey skeleton (D:4)
  4 gnolls (D:3)
  3 adders (D:4)
  2 worms (D:2)
  2 dart slugs (D:3)
  2 orcs
  2 ball pythons
  6 giant cockroaches
  16 goblins
  6 hobgoblins
  3 quokkas
  2 bats (D:1)
  4 frilled lizards
  12 kobolds
  A quokka skeleton (D:4)
  8 rats
80 creatures vanquished.

Notes
Turn   | Place    | Note
-------+----------+-------------------------------------------
     0 | D:1      | melloss the Spriggan Enchanter began the quest for the Orb.
     0 | D:1      | Reached XP level 1. HP: 9/9 MP: 5/5
   350 | D:1      | Reached XP level 2. HP: 13/13 MP: 6/6
   353 | D:1      | Reached skill level 5 in Stealth
   362 | D:1      | Learned a level 2 spell: Ensorcelled Hibernation
  1348 | D:2      | Noticed Robin
  1386 | D:2      | Killed Robin
  1386 | D:2      | Reached XP level 3. HP: 7/16 MP: 1/8
  1927 | D:2      | Noticed Jessica
  1933 | D:2      | Killed Jessica
  1933 | D:2      | Reached skill level 6 in Stealth
  1933 | D:2      | Reached XP level 4. HP: 21/21 MP: 4/9
  2278 | D:2      | Found a burning altar of Makhleb.
  2306 | D:2      | Found a bloodstained altar of Trog.
  2689 | D:3      | Noticed an ogre
  2698 | D:3      | Noticed Ijyb
  2702 | D:3      | Killed an ogre
  2702 | D:3      | Reached skill level 7 in Stealth
  2702 | D:3      | Reached XP level 5. HP: 24/24 MP: 10/10
  2801 | D:2      | Killed Ijyb
  3401 | D:3      | Reached skill level 8 in Stealth
  3634 | D:4      | Reached XP level 6. HP: 28/28 MP: 11/11
  3643 | D:4      | Reached skill level 5 in Short Blades
  3911 | D:4      | Noticed a slave
  3913 | D:4      | Noticed a slave
  3913 | D:4      | Noticed a slave
  3914 | D:4      | Noticed a slave
  3915 | D:4      | Noticed Pikel
  4013 | D:3      | Slain by a slave

Illustrated notes

Levels and vault maps discovered:
D:1:      co_arrival_random_square_maze, layout_loops_ring,
          corexii_hall_statues_i, minmay_misc_feat_plants,
          hangedman_decor_growths
D:2:      layout_loops_cross, lemuel_coloured_pillars_altar, trog_book,
          uniq_robin, uniq_jessica
D:3:      layout_basic, uniq_ijyb
D:4:      layout_cave_pools, temple_hall, portal_sewer_entry_f,
          hangedman_abyss_or_decor_stagger, uniq_pikel

Skill      XL: |  1  2  3  4  5  6 |
---------------+-------------------+-----
Stealth        | 5 6 7 8 |  8.0
Short Blades   | 2 3 4 5 |  5.0
Spellcasting   | 3 |  3.1
Dodging        | |  3.0
Hexes          | |  3.8
Ice Magic      | |  0.5

Action                   |  1- 3 |  4- 6 || total
-------------------------+-------+-------++-------
Melee: Dagger            |    48 |       ||    48
       Short sword       |    44 |   103 ||   147
 Cast: Corona            |     1 |       ||     1
       Ensorcelled Hiber |     7 |    10 ||    17
  Use: Scroll            |     2 |       ||     2
 Stab: Sleeping          |    11 |    20 ||    31
       Distracted        |       |     2 ||     2
  Eat: Ration            |       |     1 ||     1
Armor: Robe              |     8 |     6 ||    14
Dodge: Dodged            |    64 |    64 ||   128
